 Dungeon Crawl Stone Soup version 0.25-a0-860-gf695395b5c (webtiles) character file.

Game seed: 17317247965136088452, levelgen mode: deterministic

4697 Fukker the Frost Mage (level 10, -2/63 HPs)
             Began as a Demonspawn Ice Elementalist on Apr 27, 2020.
             Was a Follower of Ashenzari.
             Slain by an orc knight
             ... wielding a +0 glaive
              (34 damage)
             ... in a bailey.
             The game lasted 00:46:56 (7981 turns).

Fukker the Frost Mage (Demonspawn Ice Elementalist) Turns: 7981, Time: 00:46:57

Health: -2/63      AC: 13    Str:  8    XL:     10   Next: 21%
Magic:  1/19       EV: 13    Int: 19    God:    Ashenzari [*.....]
Gold:   290        SH:  0    Dex: 23    Spells: 5/21 levels left

rFire    . . .     SeeInvis +   e - +6 shortbow of the Immovable Realms {freeze, Str-4 Dex+9}
rCold    + + +     Gourm    .   (shield currently unavailable)
rNeg     . . .     Faith    +   A - +4 skin of Zhor {Englaciate rC+++ SInv}
rPois    .         Spirit   .   (no helmet)
rElec    .         Reflect  .   L - +0 cloak
rCorr    .         Harm     .   O - +2 pair of gloves {archery}
MR       .....                  (no boots)
Stlth    ++........             I - amulet of faith (curse)
HPRegen  0.20/turn              t - +3 ring of strength (curse)
MPRegen  0.16/turn              (no ring)

@: brilliant
A: talons 1, molten scales 2, foul stench 1, rot immunity
a: Curse Item, Scrying, Renounce Religion


You were in a bailey.
You worshipped Ashenzari.
Ashenzari was aware of your devotion.
You were hungry.

You visited 2 branches of the dungeon, and saw 9 of its levels.
You also visited: Sewer and Bailey.

You collected 522 gold pieces.
You spent 232 gold pieces at shops.

Inventory:

Hand Weapons
 e - the +6 shortbow of the Immovable Realms (weapon) {freeze, Str-4 Dex+9}
   (You found it on level 6 of the Dungeon)

   It causes projectiles fired from it to freeze those they strike, causing
   extra injury to most foes and up to half again as much damage against
   particularly susceptible opponents.
   They can also slow down cold-blooded creatures.
   It affects your strength (-4).
   It affects your dexterity (+9).
 i - a +2 dagger of electrocution
 o - a +2 hunting sling of freezing
 z - a +0 flail of draining
 Q - a +4 scimitar of flaming
Missiles
 d - 78 bolts
 h - 2 boomerangs
 k - 140 stones
 l - 6 arrows (quivered)
 v - 31 poisoned darts
 G - 30 sling bullets
 N - 5 throwing nets
Armour
 A - the +4 skin of Zhor (worn) {Englaciate rC+++ SInv}
   (You found it in a sewer)

   It renders you almost immune to cold.
   It lets you see invisible.
 K - a cursed +0 buckler
 L - a +0 cloak (worn)
 O - a +2 pair of gloves of archery (worn)
 P - a +0 helmet
Jewellery
 t - a cursed +3 ring of strength (left hand)
 I - a cursed amulet of faith (around neck)
Scrolls
 f - a scroll of immolation
 g - 3 scrolls of fog
 s - 3 scrolls of remove curse
 x - 2 scrolls of magic mapping
Potions
 b - 4 potions of haste
 j - 2 potions of lignification
 m - a potion of resistance
 n - a potion of experience {unknown}
 p - 9 potions of curing
 q - 2 potions of invisibility {unknown}
 r - 3 potions of flight
 u - 2 potions of mutation
 w - a potion of ambrosia {unknown}
 B - a potion of stabbing {unknown}
 C - 5 potions of heal wounds {unknown}
 D - a potion of berserk rage
 E - 2 potions of brilliance
 F - 2 potions of might {unknown}
Comestibles
 a - 4 chunks of flesh
 c - 9 rations


   Skills:
 - Level 2.1 Short Blades
 - Level 1.2(1.3) Slings
 - Level 2.0 Bows
 - Level 0.4(1.0) Throwing
 - Level 1.7 Dodging
 - Level 1.7 Stealth
 - Level 6.2 Spellcasting
 - Level 2.3 Conjurations
 - Level 5.5 Summonings
 - Level 10.1 Ice Magic
 * Level 3.7 Air Magic
   Level 1.2 Evocations


You had 5 spell levels left.
You knew the following spells:

 Your Spells              Type           Power        Failure   Level  Hunger
a - Freeze                Ice            ####         1%          1    None
b - Frozen Ramparts       Ice            ######       1%          3    None
c - Hailstorm             Conj/Ice       #####...     9%          4    None
d - Summon Ice Beast      Ice/Summ       ######..     4%          4    None
e - Summon Lightning Spi  Summ/Air       #####...     16%         4    None

Your spell library contained the following spells:

 Spells                   Type           Power        Failure   Level  Hunger
 Summon Small Mammal      Summ           ####         1%          1    None
 Call Imp                 Summ           #####...     1%          2    None
 Call Canine Familiar     Summ           #####...     3%          3    None
 Ozocubu's Armour         Chrm/Ice       #####...     4%          3    None
 Summon Guardian Golem    Hex/Summ       ###.....     11%         3    None


Dungeon Overview and Level Annotations

Branches:
Dungeon (8/15)             Temple (1/1) D:5           Sewer (visited)
 Bailey (1/1)
   Lair: D:8-11

Altars:
Ashenzari
Cheibriados
Dithmenos
Elyvilon
Fedhas
Gozag
Hepliaklqana
Kikubaaqudgha
Makhleb
Nemelex Xobeh
Okawaru
Qazlal
Ru
Sif Muna
Trog
Uskayaw
Vehumet
Wu Jian
Yredelemnul
The Shining One

Shops:
D:4 *   D:7 [

Annotations:
D:8 Joseph


Innate Abilities, Weirdness & Mutations

You have sharp toenails.
You are mostly covered in molten scales. (AC +3)
You may emit foul miasma when damaged in melee.
You are immune to rotting.


Message History

Aim: an orc knight, wielding a +0 glaive and wearing a +0 ring mail (heavily wounded, unusually strong)
You shoot an arrow. The arrow hits the orc knight.
The arrow freezes the orc knight.
The orc knight is heavily wounded.
The orc warrior is no longer moving slowly.
Your lightning spire shoots out a bolt of lightning at the orc knight!
The bolt of electricity hits the orc knight!
Firing (i - inventory. (/) - cycle)
l - 7 arrows (quivered)
Press: ? - help, Shift-Dir - straight line, f/p - orc knight
Aim: an orc knight, wielding a +0 glaive and wearing a +0 ring mail (severely wounded, unusually strong)
You shoot an arrow. The arrow hits the orc knight!
The arrow freezes the orc knight.
The orc knight is almost dead.
You radiate an aura of cold.
Your lightning spire is unaffected.
The orc knight resists.
The orc warrior seems to slow down.
The orc warrior is no longer moving slowly.
The orc knight hits you from afar with a +0 glaive!!
Ouch! That really hurt!
You die...

#...)...#
#.......#
#.......#
#.......#
#.......#
##.....##
###'###
#...#
#8@.#
#...#
#.o.#
###o###
##..)).##
#...))..#
#...(...#
#...)...#
#.......#


You could see an orc knight, an orc warrior and a friendly lightning spire.

Vanquished Creatures
  Erica (D:8)
  An orc knight (Bailey)
  A nameless horror (D:8)
  Edmund (D:5)
  6 orc warriors
  2 phantoms
  4 ice beasts
  A centaur (D:8)
  An eye of draining (D:5)
  An ogre (D:6)
  4 bullfrogs
  4 scorpions
  4 howler monkeys
  2 crimson imps (D:8)
  A hound (D:5)
  A gnoll shaman (D:6)
  2 jellies
  2 orc priests (D:6)
  3 bullfrog skeletons
  4 iguanas
  Natasha (thrice) (D:2)
  2 orc wizards (D:7)
  4 worker ants
  A hound zombie (D:8)
  14 adders
  5 gnolls (D:6)
  5 river rats
  An adder skeleton (D:4)
  4 worms
  A dart slug (D:3)
  10 leopard geckos
  40 orcs
  8 ball pythons
  5 bats
  10 giant cockroaches
  9 goblins
  5 hobgoblins
  6 quokkas
  6 frilled lizards
  20 kobolds
  A quokka skeleton (D:5)
  23 rats
229 creatures vanquished.

Vanquished Creatures (collateral kills)
  Harold (D:8)
  2 orc warriors (Bailey)
  A centaur (D:7)
  A water moccasin zombie (D:6)
  2 nameless horrors
  7 orcs (Bailey)
14 creatures vanquished.

Grand Total: 243 creatures vanquished

Notes
Turn   | Place    | Note
-------+----------+-------------------------------------------
     0 | D:1      | Fukker the Demonspawn Ice Elementalist began the quest for
                  | the Orb.
     0 | D:1      | Reached XP level 1. HP: 13/13 MP: 3/3
   407 | D:1      | Reached skill level 4 in Ice Magic
   575 | D:2      | Gained mutation: You are immune to rotting. [demonic
                  | ancestry]
   575 | D:2      | Reached XP level 2. HP: 19/19 MP: 5/5
   903 | D:2      | Gained mutation: You have sharp toenails. [demonic
                  | ancestry]
   903 | D:2      | Reached XP level 3. HP: 24/24 MP: 6/6
   908 | D:2      | Learned a level 3 spell: Frozen Ramparts
   909 | D:2      | Noticed Natasha
  1062 | D:2      | Killed Natasha
  1166 | D:2      | Found an ornate altar of the Wu Jian Council.
  1178 | D:2      | Found a glowing golden altar of the Shining One.
  1407 | D:2      | Noticed Natasha
  1414 | D:2      | Killed Natasha
  1414 | D:2      | Reached skill level 5 in Ice Magic
  1414 | D:2      | Reached XP level 4. HP: 20/30 MP: 4/7
  1443 | D:2      | Noticed Natasha
  1452 | D:2      | Killed Natasha
  1902 | D:3      | Reached skill level 1 in Slings
  2086 | D:3      | Gained mutation: You may emit foul miasma when damaged in
                  | melee. [demonic ancestry]
  2086 | D:3      | Reached XP level 5. HP: 35/35 MP: 4/8
  2124 | D:3      | Learned a level 4 spell: Hailstorm
  2434 | D:3      | Found a bloodstained altar of Trog.
  2554 | D:4      | Noticed an ice beast
  2568 | D:5      | Entered Level 5 of the Dungeon
  2623 | D:5      | Reached skill level 6 in Ice Magic
  2656 | D:5      | Noticed a phantom
  2686 | D:5      | Killed a phantom
  2686 | D:5      | Reached skill level 1 in Short Blades
  2686 | D:5      | Gained mutation: You are partially covered in molten
                  | scales. (AC +2) [demonic ancestry]
  2686 | D:5      | Reached XP level 6. HP: 10/41 MP: 2/9
  3183 | D:5      | Noticed Edmund
  3184 | D:5      | Reached skill level 7 in Ice Magic
  3268 | D:5      | Killed Edmund
  3268 | D:5      | Gained mutation: You are mostly covered in molten scales.
                  | (AC +3) [demonic ancestry]
  3268 | D:5      | Reached XP level 7. HP: 35/46 MP: 0/10
  3380 | D:5      | Found a staircase to the Ecumenical Temple.
  3395 | Temple   | Entered the Ecumenical Temple
  3519 | Temple   | Became a worshipper of Ashenzari the Shackled
  3707 | D:5      | Found a sparkling altar of Nemelex Xobeh.
  3792 | D:5      | Found a radiant altar of Vehumet.
  3950 | D:6      | Reached skill level 8 in Ice Magic
  3955 | D:6      | Got the shortbow of the Immovable Realms {freeze, Str-4
                  | Dex+9}
  3956 | D:6      | Identified the +6 shortbow of the Immovable Realms {freeze,
                  | Str-4 Dex+9} (You found it on level 6 of the Dungeon)
  4061 | D:6      | Found a glowing drain.
  4066 | Sewer    | Entered a sewer
  4246 | Sewer    | Found the +4 skin of Zhor {Englaciate rC+++ SInv}
  4815 | D:6      | Reached skill level 1 in Bows
  4821 | D:6      | Reached XP level 8. HP: 35/52 MP: 7/11
  5020 | D:6      | Reached skill level 9 in Ice Magic
  5129 | D:6      | Learned a level 4 spell: Summon Ice Beast
  5393 | D:6      | Found a bloodstained altar of Trog.
  5747 | D:4      | Found a shadowy altar of Dithmenos.
  5864 | D:4      | Found Hoel's Assorted Antiques.
  5877 | D:4      | Bought a small diamond amulet for 90 gold pieces
  5907 | D:4      | Reached skill level 10 in Ice Magic
  5952 | D:4      | Found an iron altar of Okawaru.
  6005 | D:4      | Found an opulent altar of Gozag.
  6092 | D:4      | Reached skill level 1 in Summonings
  6130 | D:4      | Reached XP level 9. HP: 55/57 MP: 10/14
  6724 | D:7      | Reached * piety under Ashenzari
  6753 | D:7      | Found Buigriq's Antique Armour Boutique.
  6761 | D:7      | Bought a pair of glowing gloves for 142 gold pieces
  6965 | D:7      | Found a basalt altar of Yredelemnul.
  6965 | D:7      | Found a faded altar of an unknown god.
  6970 | D:7      | Found a sacrificial altar of Ru.
  6972 | D:7      | Found a faded altar of an unknown god.
  6974 | D:7      | Found a white marble altar of Elyvilon.
  7060 | D:8      | Noticed Erica
  7088 | D:8      | Killed Erica
  7137 | D:8      | Noticed Harold
  7204 | D:8      | Killed Harold
  7204 | D:8      | Reached skill level 5 in Spellcasting
  7204 | D:8      | Reached skill level 5 in Summonings
  7309 | D:8      | Noticed Joseph
  7317 | D:8      | Learned a level 4 spell: Summon Lightning Spire
  7429 | D:8      | Noticed a nameless horror
  7436 | D:8      | Killed a nameless horror
  7460 | D:8      | Reached skill level 1 in Conjurations
  7538 | D:8      | Reached skill level 1 in Air Magic
  7589 | D:8      | Found a flagged portal.
  7598 | Bailey   | Entered a bailey
  7675 | Bailey   | Reached XP level 10. HP: 60/63 MP: 2/19
  7946 | Bailey   | Noticed an orc knight
  7947 | Bailey   | Noticed an orc knight
  7959 | Bailey   | Noticed an orc knight
  7965 | Bailey   | Killed an orc knight
  7965 | Bailey   | Reached skill level 1 in Evocations
  7981 | Bailey   | Slain by an orc knight

Levels and vault maps discovered:
D:1:      beargit_arrival_greenhouse, layout_loops_ring
D:2:      layout_basic, minitemple, minmay_stone_trees_medium, uniq_natasha
D:3:      layout_rooms, bloody_trog
D:4:      layout_gridville, nicolae_gozag_cash_rules_everything_around_me,
          okawaru_metal_pillars_1_2, nicolae_overflow_hidden_temple,
          first_ration, serial_shops, shop
D:5:      layout_loops_cross, nemelex_xobeh_ov_fountains_minmay,
          marbit_many_paths, minmay_temple_entry_sparse_star, uniq_edmund
D:6:      layout_cave_pools, gup_sewer_entry_spiral, st_stairs_3,
          trog_butcher_becter
D:7:      layout_loops_cross, chequers_temple_overflow_minitemple, serial_shops,
          shop
D:8:      layout_gridville, enter_bailey_3, hangedman_ranch
          [blue_anna_fruit_fields], uniq_pikel, uniq_erica, uniq_harold,
          uniq_maurice, uniq_joseph
Temple:   nicolae_temple_figure_zero
Bailey:   bailey_polearm_5, bailey

Skill      XL: |  1  2  3  4  5  6  7  8  9 10 |
---------------+-------------------------------+-----
Ice Magic      | 4 5 6 7 8 10 | 10.1
Slings         | 1 |  1.2
Short Blades   | 1 2 |  2.1
Bows           | 1 2 |  2.0
Spellcasting   | 3 6 |  6.2
Summonings     | 1 5 |  5.5
Conjurations   | 2 |  2.3
Air Magic      | 1 3 |  3.7
Evocations     | 1 |  1.2
Throwing       | |  0.4
Dodging        | |  1.7
Stealth        | |  1.7

Action                   |  1- 3 |  4- 6 |  7- 9 | 10-12 || total
-------------------------+-------+-------+-------+-------++-------
Melee: Dagger            |    19 |     7 |    65 |     9 ||   100
       Kick              |     1 |     1 |    20 |       ||    22
 Fire: Hunting sling     |     7 |   104 |   196 |       ||   307
       Shortbow          |       |       |   100 |    24 ||   124
Throw: Boomerang         |    29 |     1 |     9 |       ||    39
 Cast: Freeze            |    18 |    26 |    46 |       ||    90
       Frozen Ramparts   |     1 |     8 |    10 |     1 ||    20
       Hailstorm         |       |     1 |     1 |       ||     2
       Summon Ice Beast  |       |       |    18 |     4 ||    22
       Summon Lightning  |       |       |     2 |     4 ||     6
Invok: Curse Item        |       |       |     2 |       ||     2
Evoke: Wand              |       |       |     2 |     5 ||     7
  Use: Scroll            |       |       |    18 |       ||    18
       Potion            |       |       |     1 |     1 ||     2
 Stab: Sleeping          |     1 |       |       |       ||     1
  Eat: Chunk             |     2 |     7 |    19 |     2 ||    30
Armor: Robe              |     3 |     5 |     1 |       ||     9
       Animal skin       |       |       |    44 |    11 ||    55
Dodge: Dodged            |    16 |    21 |    48 |    31 ||   116

Table legend:
 A = Non-vault XP
 B = Vault XP
 C = Vault XP percentage of total XP
 D = Non-vault monster count
 E = Vault monster count
 F = Vault count percentage of total count
                 A         B        C        D         E       F
            +---------+---------+-------+---------+---------+-------
      Total |    3144 |    3567 |  53.2 |     135 |     105 |  43.8
            +---------+---------+-------+---------+---------+-------
        D:1 |      11 |       0 |   0.0 |       7 |       0 |   0.0
        D:2 |     121 |      33 |  21.4 |      22 |       1 |   4.3
        D:3 |      97 |       0 |   0.0 |      26 |       0 |   0.0
        D:4 |     415 |       0 |   0.0 |      12 |       0 |   0.0
        D:5 |     482 |     272 |  36.1 |      15 |       2 |  11.8
        D:6 |     876 |     383 |  30.4 |      23 |      14 |  37.8
        D:7 |     495 |       0 |   0.0 |      17 |       0 |   0.0
        D:8 |     647 |    1485 |  69.7 |      13 |       6 |  31.6
      Sewer |       0 |     150 | 100.0 |       0 |      48 | 100.0
     Bailey |       0 |    1244 | 100.0 |       0 |      34 | 100.0
            +---------+---------+-------+---------+---------+-------
